 Dungeon Crawl Stone Soup version 0.30.1-9-gdf580d7c3d (webtiles) character file.

Game seed: 6652885178427157827

2604 Chiseanne the Trooper (level 9, -2/57 (72) HPs)
             Began as a Demonspawn Wanderer on Oct 15, 2023.
             Was a Follower of Makhleb.
             Slain by a tengu warrior
             ... wielding a +1 eveningstar of draining
              (5 damage)
             ... on level 8 of the Dungeon.
             The game lasted 00:19:22 (6901 turns).

Chiseanne the Trooper (Demonspawn Wanderer)         Turns: 6901, Time: 00:19:23

HP:   -2/57 (72)    AC: 19    Str: 16    XL:     9   Next: 33%
MP:   10/10         EV:  9    Int: 17    God:    Makhleb [*.....]
Gold: 368           SH:  5    Dex: 19    Spells: 9/10 levels left

rFire   + . .        s - +1 broad axe
rCold   + . .        (no shield)
rNeg    . . .        y - +5 shadow dragon scales of Responsibility {Rampage rF+ Str+3 Stlth++++}
rPois   .            (helmet unavailable)
rElec   .            h - scarf {shadows}
rCorr   .            (no gloves)
SInv    +            (no boots)
Will    .....        k - amulet of reflection
Stlth   ++++         t - +6 ring of dexterity
HPRegen 0.29/turn    l - ring of protection from cold
MPRegen 0.12/turn

%: reflection, rampage
@: heavily drained, invisible
A: antennae 3, ignite blood 1, powered by death 2
a: Renounce Religion


You were on level 8 of the Dungeon.
You worshipped Makhleb.
Makhleb was aware of your devotion.
You visited 1 branch of the dungeon, and saw 8 of its levels.
You also visited: Sewer and Ossuary.

You collected 368 gold pieces.

Inventory:

Hand Weapons
 a - a +2 dagger of venom
 m - a +2 dagger
 s - a +1 broad axe (weapon)
 w - a +0 sling
Missiles
 b - 2 curare-tipped darts (quivered)
 q - 4 poisoned darts
 v - 2 boomerangs
 E - a throwing net
Armour
 h - a scarf of shadows (worn)
 y - the +5 shadow dragon scales of Responsibility (worn) {Rampage rF+ Str+3 Stlth++++}
   (You acquired it on level 4 of the Dungeon)

   Str:       It affects your strength (+3).
   rF:        It protects you from fire.
   Rampage:   It bestows one free step when moving towards enemies.
   Stlth:     It makes you much more stealthy.
Jewellery
 f - an amulet of the acrobat
 k - an amulet of reflection (around neck)
 l - a ring of protection from cold (right hand)
 t - a +6 ring of dexterity (left hand)
Wands
 e - a wand of light (9)
 u - a wand of charming (24)
 x - a wand of polymorph (14)
Scrolls
 c - 5 scrolls of teleportation
 j - 3 scrolls of fear
 r - 3 scrolls of poison
 D - 2 scrolls of identify
Potions
 d - 3 potions of attraction
 i - 2 potions of heal wounds
 n - 2 potions of cancellation
 o - 2 potions of lignification
 p - a potion of brilliance
 z - a potion of might
 A - a potion of haste
 B - a potion of magic
 C - a potion of curing


   Skills:
 * Level 7.3 Fighting
 - Level 4.5 Throwing
 * Level 6.5 Armour
 - Level 3.9 Dodging
 * Level 5.7 Stealth
 - Level 1.0 Spellcasting
 - Level 1.7 Translocations
 - Level 2.0 Evocations


You had 9 spell levels left.
You knew the following spells:

 Your Spells              Type           Power      Damage    Failure   Level
a - Apportation           Tloc           12%        N/A       80%         1

Your spell library contained the following spells:

 Spells                   Type           Power      Damage    Failure   Level
 Sandblast                Erth           0%         2d4       96%         1
 Slow                     Hex            0%         N/A       96%         1
 Passwall                 Tmut/Erth      0%         N/A       99%         2
 Gell's Gravitas          Tloc           6%         N/A       99%         3
 Vhi's Electric Charge    Tloc/Air       6%         N/A       99%         3
 Confusing Touch          Hex            0%         N/A       100%        3
 Ignite Poison            Fire/Tmut/Pois 0%         N/A       100%        3
 Stone Arrow              Conj/Erth      0%         3d7       100%        3
 Tukima's Dance           Hex            0%         N/A       100%        3
 Vampiric Draining        Necr           0%         2d6       100%        3
 Olgreb's Toxic Radiance  Pois           0%         N/A       100%        4
 Passage of Golubria      Tloc           6%         N/A       100%        4
 Sticky Flame             Conj/Fire      0%         2d3       100%        4
 Arcjolt                  Conj/Air       0%         1d10      100%        5
 Yara's Violent Unravell  Hex/Tmut       0%         3d3       100%        5
 Plasma Beam              Fire/Air       0%         2x1d11    100%        6
 Discord                  Hex            0%         N/A       100%        8
 Ignition                 Fire           0%         3d3       100%        8


Dungeon Overview and Level Annotations

Branches:
Dungeon (8/15)             Temple (0/1) D:7           Sewer (visited)
Ossuary (visited)
   Lair: D:8-11

Altars:
Ashenzari
Makhleb
Vehumet
Yredelemnul

Annotations:
D:8 Pikel


Innate Abilities, Weirdness & Mutations

You have a pair of large antennae on your head. (SInv)
Your demonic aura sometimes causes spilled blood to erupt in flames.
You regenerate health from kills.


Message History

The tengu warrior hits you with a +1 eveningstar of draining!
You feel drained.
The tengu warrior pecks you but does no damage.
The tengu warrior completely misses you.
You hit the tengu warrior but do no damage.
The tengu warrior is heavily wounded.
The tengu warrior barely misses you.
The tengu warrior pecks you but does no damage.
You block the tengu warrior's attack.
The tengu warrior hits you with a +1 eveningstar of draining!
* * * LOW HITPOINT WARNING * * *
You feel drained.
* * * LOW HITPOINT WARNING * * *
The tengu warrior pecks you but does no damage.
The tengu warrior closely misses you.
You feel much better. You block the tengu warrior's attack.
The tengu warrior pecks you but does no damage.
The tengu warrior claws you but does no damage.
You fade into invisibility!
The tengu warrior hits you with a +1 eveningstar of draining.
You feel drained.
The tengu warrior pecks you but does no damage.
The tengu warrior claws you.
You hit the tengu warrior but do no damage.
The tengu warrior is heavily wounded.
The tengu warrior hits you with a +1 eveningstar of draining!
You feel drained. The tengu warrior barely misses you.
The tengu warrior completely misses you.
You slash the tengu warrior!
The tengu warrior is severely wounded.
The tengu warrior barely misses you.
The tengu warrior pecks you but does no damage.
The tengu warrior claws you but does no damage.
The tengu warrior hits you with a +1 eveningstar of draining!
* * * LOW HITPOINT WARNING * * *
You feel drained.
* * * LOW HITPOINT WARNING * * *
The tengu warrior pecks you but does no damage.
The tengu warrior claws you.
You die...

#'###.##.....# ##
#....##......# ..$
#.....†.#...####
.....#.......#.......
.....#####..##..#####
.........##+##..##
.........#.......#
........YQ.°.....#
........{#@......#
.........#.......#
........o#..######
...(.(...####
#######.{.. { #.....{
#.....< ..o...


You could see a tengu warrior (unable to see you, very poisoned) and an ice
beast (unable to see you).

Vanquished Creatures
  Prince Ribbit (D:8)
  Grinder (D:3)
  A steam dragon (D:8)
  A water moccasin (Sewer)
  Duvessa (D:6)
  An orc warrior (D:6)
  2 ice beasts
  A sky beast (D:7)
  A lemure (D:8)
  2 phantoms
  3 bullfrogs
  2 scorpions
  A wight (D:8)
  Dowan (D:6)
  A killer bee (D:8)
  A crimson imp (D:4)
  4 centaur zombies (Ossuary)
  3 hounds
  A jelly (D:6)
  2 orc priests
  7 iguanas
  4 orc wizards
  5 mummies (Ossuary)
  7 adders
  3 white imps
  An ufetubus (D:5)
  6 worms
  5 dart slugs
  12 orcs
  12 endoplasms
  A giant cockroach (D:1)
  8 goblins
  7 hobgoblins
  4 jackals
  3 quokkas
  4 ball pythons
  6 bats
  11 frilled lizards (D:1)
  3 hobgoblin zombies (Ossuary)
  4 kobolds
  8 rats
152 creatures vanquished.

Notes
Turn   | Place    | Note
-------+----------+-------------------------------------------
     0 | D:1      | Chiseanne the Demonspawn Wanderer began the quest for the
                  | Orb.
     0 | D:1      | Chiseanne set off with the following items: a +2 dagger, 4
                  | curare-tipped darts, a scroll of teleportation, a potion of
                  | attraction, a +0 robe; and the following spell memorised:
                  | Apportation; and the following spells available to
                  | memorise: Gell's Gravitas.
     0 | D:1      | Reached XP level 1. HP: 13/13 MP: 2/2
    89 | D:1      | Reached skill level 1 in Fighting
    89 | D:1      | Reached skill level 1 in Dodging
    89 | D:1      | Gained mutation: Your demonic aura sometimes causes spilled
                  | blood to erupt in flames. [demonic ancestry]
    89 | D:1      | Reached XP level 2. HP: 7/21 MP: 3/3
   557 | D:1      | Gained mutation: You regenerate a little health from kills.
                  | [demonic ancestry]
   557 | D:1      | Reached XP level 3. HP: 26/26 MP: 4/4
  1033 | D:2      | Reached skill level 1 in Armour
  1088 | D:2      | Found a faded altar of an unknown god.
  1206 | D:2      | Reached skill level 2 in Fighting
  1282 | D:2      | Gained mutation: You have a pair of small antennae on your
                  | head. [demonic ancestry]
  1282 | D:2      | Reached XP level 4. HP: 27/33 MP: 5/5
  2074 | D:3      | Gained mutation: You regenerate health from kills. [demonic
                  | ancestry]
  2074 | D:3      | Reached XP level 5. HP: 37/39 MP: 6/6
  2109 | D:3      | Noticed Grinder
  2128 | D:3      | Paralysed by Grinder for 2 turns
  2131 | D:3      | Paralysed by Grinder for 4 turns
  2135 | D:3      | Killed Grinder
  2136 | D:3      | Reached skill level 3 in Fighting
  2136 | D:3      | Gained mutation: You have a pair of antennae on your head.
                  | [demonic ancestry]
  2136 | D:3      | Reached XP level 6. HP: 19/47 MP: 7/7
  2595 | D:3      | Found a glowing drain.
  2610 | Sewer    | Entered a sewer
  2665 | Sewer    | Noticed a water moccasin
  2673 | Sewer    | Killed a water moccasin
  2784 | D:4      | Reached skill level 4 in Fighting
  2922 | D:4      | Gained mutation: You have a pair of large antennae on your
                  | head. (SInv) [demonic ancestry]
  2922 | D:4      | Reached XP level 7. HP: 54/54 MP: 8/8
  3182 | D:4      | Identified a scroll of acquirement
  3182 | D:4      | Acquired the +5 shadow dragon scales of Responsibility
                  | {Rampage rF+ Str+3 Stlth++++}
  3364 | D:4      | Reached skill level 1 in Stealth
  3594 | D:4      | Found a radiant altar of Vehumet.
  3595 | D:4      | Found a burning altar of Makhleb.
  3646 | D:4      | Became a worshipper of Makhleb the Destroyer
  3669 | D:5      | Entered Level 5 of the Dungeon
  3715 | D:5      | Found a sand-covered staircase.
  3811 | Ossuary  | Entered an ossuary
  3851 | Ossuary  | Reached skill level 5 in Fighting
  4057 | D:5      | Reached XP level 8. HP: 58/62 MP: 9/9
  4435 | D:5      | Found a basalt altar of Yredelemnul.
  4438 | D:5      | Noticed a profane servitor
  4787 | D:5      | Noticed an angel
  4896 | D:6      | Reached * piety under Makhleb
  4996 | D:6      | Reached skill level 5 in Armour
  5224 | D:6      | Noticed Dowan
  5232 | D:6      | Noticed Duvessa
  5234 | D:6      | Killed Duvessa
  5235 | D:6      | Reached skill level 6 in Fighting
  5241 | D:6      | Killed Dowan
  5725 | D:7      | Reached XP level 9. HP: 71/71 MP: 10/10
  5943 | D:7      | Found a staircase to the Ecumenical Temple.
  6309 | D:7      | Reached skill level 5 in Stealth
  6527 | D:8      | Reached skill level 7 in Fighting
  6555 | D:8      | Noticed Prince Ribbit
  6566 | D:8      | Killed Prince Ribbit
  6622 | D:8      | Noticed Pikel
  6641 | D:8      | Noticed a six-headed hydra
  6797 | D:8      | Found a broken altar of Ashenzari.
  6883 | D:8      | Noticed a tengu warrior
  6901 | D:8      | Slain by a tengu warrior

Illustrated notes

Levels and vault maps discovered:
D:1:      saegor_arrival_under_anarchy, layout_basic, minmay_lizard_king
D:2:      layout_basic, basic_ecumenical_altar
D:3:      layout_basic, cheibrodos_sewer_entry_drain, kennysheep_minor_cross,
          uniq_grinder
D:4:      layout_basic, grunt_temple_overflow_lords_of_destruction
D:5:      layout_layer_cave, grunt_temple_overflow_holy_war,
          nicolae_ossuary_entry_false_entrances, hangedman_glass_teeth
D:6:      layout_loops_ring, kennysheep_small_spiral, grunt_ministairs_15,
          solitary_fountain, uniq_duvessa
D:7:      layout_layer_cave, minmay_temple_entry_hall,
          kennysheep_generic_room_13
D:8:      minmay_the_grid_octo_tiled_squarecenter
          [minmay_the_grid_octo_tetromino_candy, minmay_the_grid_octo_pinwheel,
          minmay_the_grid_octo_concentric, minmay_the_grid_octo_checkered,
          minmay_the_grid_square_5x5_megaprize_diamond,
          minmay_the_grid_square_5x5_bite, minmay_the_grid_square_5x5_minimal,
          minmay_the_grid_square_5x5_half_checkered,
          minmay_the_grid_square_5x5_detours], layout_gridville,
          nicolae_ashenzari_panopticon, uniq_prince_ribbit1, uniq_pikel,
          uniq_joseph

Skill      XL: |  1  2  3  4  5  6  7  8  9 |
---------------+----------------------------+-----
Fighting       | 1 2 3 4 5 6 7 |  7.3
Dodging        | 1 2 3 |  3.9
Armour         | 1 2 3 4 5 6 |  6.5
Stealth        | 2 4 5 |  5.7
Throwing       | |  4.5
Spellcasting   | |  1.0
Translocations | |  1.7
Evocations     | |  2.0

Action                     |  1- 3 |  4- 6 |  7- 9 || total
---------------------------+-------+-------+-------++-------
  Melee: Dagger            |   131 |   104 |   245 ||   480
         Punch             |     1 |     4 |     8 ||    13
         Falchion          |       |       |    81 ||    81
         Broad axe         |       |       |    33 ||    33
  Throw: Stone             |       |     5 |     2 ||     7
         Dart              |       |       |     2 ||     2
    Use: Potion            |     1 |     1 |     4 ||     6
         Scroll            |     3 |     6 |    11 ||    20
   Stab: Sleeping          |       |       |    19 ||    19
 Armour: Skin              |     4 |       |       ||     4
         Ring mail         |    32 |    18 |     2 ||    52
         Shadow dragon sca |       |       |   221 ||   221
  Dodge: Dodged            |    60 |    40 |   172 ||   272
  Block: Other             |     8 |    16 |    81 ||   105
         Reflection        |     1 |       |     1 ||     2
